[Event "*** Titled Tuesday Blitz"]
[Site "Chess.com"]
[Date "2021.02.02"]
[Round "9"]
[White "Alexander_Moskalenko"]
[Black "elohunter1999"]
[Result "0-1"]
[WhiteElo "2801"]
[BlackElo "2681"]
[TimeControl "180+1"]
[EndTime "11:45:31 PST"]
[Termination "elohunter1999 won by resignation"]

1. f4 c5 2. e4 Nc6 3. Nc3 g6 4. Nf3 Bg7 5. Bb5 Nd4 6. O-O Nxb5 7. Nxb5 d5 8. exd5 a6 9. Nc3 Nf6 10. d4 Nxd5 11. dxc5 Nxc3 12. Qxd8+ Kxd8 13. bxc3 Bxc3 14. Rb1 Kc7 15. Rb3 Bf6 16. Ng5 Bxg5 17. fxg5 Be6 18. Bf4+ Kc8 19. Re3 Rd8 20. c3 Rd5 21. Be5 Rxc5 22.
Bd4 Rd5 23. a4 Kd7 24. h4 Rc8 25. Rb1 b5 26. axb5 Rxb5 27. Ra1 a5 28. Rd3 Ke8 29. Re3 Ra8 30. Ra4 Bb3 31. Ra1 a4 32. Bf6 Be6 33. Bd4 Rb3 34. Re2 a3 35. Rea2 Rb1+ 36. Rxb1 Bxa2 37. Ra1 Bc4 38. Bc5 a2 39. Bb4 Rd8 40. Re1 Rd2 41. Rxe7+ Kd8 42. Ra7 Rd1+ 43. Kf2 a1=Q 44.
Be7+ Ke8 45. Rxa1 Rxa1 46. Bf6 Ra2+ 47. Ke3 Rxg2 48. Be5 Kd7 49. Kd4 Rg4+ 50. Kc5 Rxh4 51. Bf6 Rg4 52. Bg7 Bf1 53. Bf6 Ke6 54. Kb6 h5 55.
gxh6 Kxf6 56. h7 Rh4 57. c4 Bxc4 58. h8=Q+ Rxh8 0-1

[Event "*** Titled Tuesday Blitz"]
[Site "Chess.com"]
[Date "2021.02.02"]
[Round "9"]
[White "JiiHart"]
[Black "Dii210"]
[Result "0-1"]
[WhiteElo "2107"]
[BlackElo "2241"]
[TimeControl "180+1"]
[EndTime "11:45:34 PST"]
[Termination "Dii210 won by resignation"]

1. e4 c5 2. Nf3 e6 3. d4 cxd4 4.
Nxd4 Nc6 5. Nc3 Qc7 6. Be3 a6 7. Bd3 Nf6 8. O-O b5 9. a3 Bb7 10. Kh1 Be7 11. f4 d6 12. Qe2 O-O 13. Rae1 Nxd4 14.
Bxd4 e5 15. Be3 Rfd8 16. fxe5 dxe5 17. Bg5 Rd6 18. Qf3 Rad8 19. h4 h6 20. Re3 Bc8 21. Bxf6 Rxf6 22. Qg3 Rxd3 23. Rxf6 Rxe3 24. Qxe3 Bxf6 25.
Nd5 Qc6 26. Qg3 g6 27. Qf2 Kg7 28. c3 Bd8 29. Qg3 f6 30. h5 g5 31. Qf2 Be6 32. Qa7+ Qd7 33. Qxd7+ Bxd7 34. Kh2 Bc6 35. Kg3 Bxd5 36. exd5 Be7 37. Kf3 f5 38. a4 bxa4 39.
c4 a3 40. bxa3 Bxa3 41. g3 e4+ 42. Ke3 Bc5+ 43. Kd2 f4 44. gxf4 gxf4 0-1

[Event "*** Titled Tuesday Blitz"]
[Site "Chess.com"]
[Date "2021.02.02"]
[Round "9"]
[White "ZenBull"]
[Black "Lady_Nika"]
[Result "1-0"]
[WhiteElo "2264"]
[BlackElo "2366"]
[TimeControl "180+1"]
[EndTime "11:45:36 PST"]
[Termination "ZenBull won by resignation"]

1. Nf3 d5 2. d4 e6 3. c4 f5 4. g3 c6 5. Bg2 Nf6 6. O-O Bd6 7. b3 O-O 8. Ba3 Bxa3 9. Nxa3 Nbd7 10.
Nc2 Ne4 11. Nce1 Rf6 12. Nd3 Rh6 13. Nde5 Nxe5 14. Nxe5 Bd7 15. Qc2 Be8 16. b4 Qb6 17.
c5 Qxb4 18. e3 Qa5 19. Rfb1 Rb8 20. Rb3 Qc7 21. Rab1 Nf6 22. Qb2 b5 23. cxb6 axb6 24. Rxb6 Rxb6 25. Qxb6 Qxb6 26. Rxb6 Nd7 27. Nxd7 Bxd7 28.
Rb7 Be8 29. a4 Rf6 30. a5 Rf7 31. a6 c5 32. dxc5 Bc6 33. Rb8+ Rf8 34. a7 Kf7 35. Bf1 Ke7 36. Bb5 Ba8 37. c6 1-0

[Event "*** Titled Tuesday Blitz"]
[Site "Chess.com"]
[Date "2021.02.02"]
[Round "9"]
[White "m_ezat"]
[Black "vinniethepooh"]
[Result "0-1"]
[WhiteElo "2542"]
[BlackElo "2725"]
[TimeControl "180+1"]
[EndTime "11:45:37 PST"]
[Termination "vinniethepooh won by resignation"]

1. d4 Nf6 2. c4 e6 3. Nc3 Bb4 4. e3 O-O 5. a3 Bxc3+ 6. bxc3 b6 7. Bd3 Bb7 8. f3 c5 9. Ne2 Nc6 10. O-O Rc8 11. e4 Na5 12. Bg5 h6 13. Bh4 g5 14. Bg3 cxd4 15. cxd4 Nxc4 16. Bxc4 Rxc4 17. Bd6 Re8 18. Rc1 Rxc1 19. Qxc1 Ba6 20. Qd2 Qa8 21.
h4 Nh7 22. hxg5 hxg5 23. Re1 Bxe2 24. Qxe2 Qc6 25. e5 Rc8 26. f4 Qc2 27. Qf3 Qf5 28. Qb7 Rc2 29. Qxd7 gxf4 30. Qb7 Ng5 31. Qc8+ Rxc8 0-1

[Event "*** Titled Tuesday Blitz"]
[Site "Chess.com"]
[Date "2021.02.02"]
[Round "9"]
[White "jorquerino"]
[Black "CoachHakia"]
[Result "0-1"]
[WhiteElo "2260"]
[BlackElo "2162"]
[TimeControl "180+1"]
[EndTime "11:45:37 PST"]
[Termination "CoachHakia won by checkmate"]

1. e4 d5 2. exd5 Qxd5 3. Nc3 Qa5 4. Bc4 Nf6 5. Nge2 Bf5 6. d3 e6 7. Bd2 c6 8. Ng3 Bg6 9. O-O Qc7 10. f4 Bc5+ 11. Kh1 h5 12. Nge4 Bd4 13. Nxf6+ gxf6 14.
Qe2 Nd7 15. f5 Bxf5 16. Rxf5 O-O-O 17. Rxh5 Ne5 18. Bb3 f5 19. Bf4 Rxh5 20. Qxh5 Qe7 21. Bxe5 Bxe5 22. h3 Rh8 23. Qf3 Bc7 24. Kg1 Bb6+ 25.
Kf1 Rh4 26. Re1 Qg5 27. Ke2 Rf4 28. h4 Qh6 29. Qh3 Rf2+ 30. Kd1 Qd2# 0-1

[Event "*** Titled Tuesday Blitz"]
[Site "Chess.com"]
[Date "2021.02.02"]
[Round "9"]
[White "mirochka"]
[Black "GMJustin"]
[Result "1-0"]
[WhiteElo "2226"]
[BlackElo "2293"]
[TimeControl "180+1"]
[EndTime "11:45:38 PST"]
[Termination "mirochka won on time"]

1. e4 e5 2. Nf3 Nc6 3. d4 exd4 4. c3 dxc3 5. Nxc3 Bb4 6. Bc4 d6 7. O-O Bxc3 8. bxc3 Nf6 9. e5 dxe5 10. Ng5 Qxd1 11.
Bxf7+ Kf8 12. Rxd1 Bg4 13. Ba3+ Ne7 14. f3 h6 15.
fxg4 hxg5 16. Be6 Ke8 17. Rab1 b6 18. Bc1 Ne4 19. Bd7+ Kf7 20. Rf1+ Kg6 21. Ba3 c5 22. Rbe1 Nxc3 23. Rxe5 Ncd5 24. Bc1 Rhf8 25. Rxg5+ Kh7 26. Rh5+ Kg6 27. Rg5+ Kh7 28. Bb2 1-0

[Event "*** Titled Tuesday Blitz"]
[Site "Chess.com"]
[Date "2021.02.02"]
[Round "9"]
[White "Sanan_Sjugirov"]
[Black "Vaathi_Coming"]
[Result "1-0"]
[WhiteElo "2916"]
[BlackElo "2834"]
[TimeControl "180+1"]
[EndTime "11:45:39 PST"]
[Termination "Sanan_Sjugirov won on time"]

1. e4 c5 2. Nc3 Nc6 3. Nge2 g6 4. d4 cxd4 5. Nxd4 Bg7 6. Be3 Nf6 7. Nb3 O-O 8. Be2 d6 9. O-O Be6 10. f4 Rc8 11. Kh1 Na5 12. f5 Bd7 13. e5 dxe5 14. Nxa5 Qxa5 15. fxg6 Bc6 16. gxf7+ Rxf7 17. Bh5 Nxh5 18.
Rxf7 Kxf7 19. Qxh5+ Kg8 20. Bh6 Bxh6 21. Qg4+ Kf7 22.
Qxc8 Qb4 23. Qf5+ Kg8 24. Rf1 Bf4 25. Ne2 Qc4 26. Qg4+ Kh8 27. Rd1 1-0

[Event "*** Titled Tuesday Blitz"]
[Site "Chess.com"]
[Date "2021.02.02"]
[Round "9"]
[White "Boninknights"]
[Black "Goryachkina"]
[Result "0-1"]
[WhiteElo "2481"]
[BlackElo "2655"]
[TimeControl "180+1"]
[EndTime "11:45:40 PST"]
[Termination "Goryachkina won by resignation"]

1. d4 Nf6 2. Nf3 d5 3. c4 e6 4. g3 Bb4+ 5. Bd2 Be7 6. Qc2 O-O 7. Bg2 Nbd7 8. O-O c6 9. Bg5 h6 10. Bxf6 Bxf6 11. Nbd2 b6 12. e4 Bb7 13. Rac1 Rc8 14.
Rfd1 Be7 15. Nb1 dxc4 16. Qxc4 b5 17. Qb3 Qb6 18. Nc3 Rfd8 19. a4 a6 20. e5 b4 21.
Ne4 c5 22. dxc5 Nxc5 23. Nxc5 Bxc5 24. Rxd8+ Rxd8 25. Qc2 Rc8 26. Rf1 b3 27. Qe2 Bxf3 28. Qxf3 Bd4 29. Qb7 Bxf2+ 30. Kh1 Qxb7 31. Bxb7 Rc2 32. Bxa6 Bd4 33. Bb5 Bxe5 34. Be8 f5 35. Bg6 Kf8 36. Rd1 Ke7 37. a5 Rxb2 38. Rd3 Rb1+ 39. Kg2 b2 0-1

[Event "*** Titled Tuesday Blitz"]
[Site "Chess.com"]
[Date "2021.02.02"]
[Round "9"]
[White "SharapovEvgeny"]
[Black "Loy_Konstantin"]
[Result "1/2-1/2"]
[WhiteElo "2457"]
[BlackElo "2387"]
[TimeControl "180+1"]
[EndTime "11:45:41 PST"]
[Termination "Game drawn - insufficient material"]

1. e4 c5 2. Nf3 d6 3. d4 cxd4 4. Nxd4 Nf6 5. f3 Nc6 6. c4 Nxd4 7. Qxd4 g6 8. Be3 Bg7 9. Nc3 O-O 10. Qd2 Be6 11. Be2 Qa5 12. Nd5 Qxd2+ 13. Kxd2 Nxd5 14. exd5 Bd7 15. Rab1 a6 16. b3 b5 17. Rbc1 bxc4 18. Rxc4 Rfc8 19. Rhc1 Kf8 20. Rxc8+ Rxc8 21. Rxc8+ Bxc8 22. a4 e6 23. Bc4 exd5 24. Bxd5 Be6 25. Bxe6 fxe6 26. b4 Ke7 27. b5 axb5 28. axb5 d5 29. Bc5+ Kd7 30. Kc2 Be5 31. h3 Kc7 32. Kb3 Kb7 33.
Kb4 Kc7 34. Be7 Bd6+ 35. Bxd6+ Kxd6 36. f4 h5 37. g3 Kc7 38. Kc5 Kb7 39. g4 hxg4 40.
hxg4 Kc7 41. f5 exf5 42. gxf5 gxf5 43. Kxd5 Kb6 44. Ke5 f4 45. Kxf4 Kxb5 1/2-1/2

[Event "*** Titled Tuesday Blitz"]
[Site "Chess.com"]
[Date "2021.02.02"]
[Round "9"]
[White "SilviusTiberius"]
[Black "Taabling"]
[Result "1-0"]
[WhiteElo "2478"]
[BlackElo "2333"]
[TimeControl "180+1"]
[EndTime "11:45:42 PST"]
[Termination "SilviusTiberius won by checkmate"]

1. e4 e5 2. Nf3 d5 3. Nxe5 Bd6 4.
d4 dxe4 5. Nc4 Nf6 6. Nc3 Bb4 7. Be2 O-O 8. O-O Bxc3 9. bxc3 Nd5 10. Qd2 f5 11. Ba3 Rf6 12. f3 exf3 13. Bxf3 Nc6 14. Rfe1 Be6 15. Nb2 Bf7 16. c4 Nb6 17. d5 Qd7 18.
Qf4 Nd8 19. Re7 Qc8 20. Rae1 Nd7 21. Nd3 h6 22. Ne5 Nxe5 23. Qxe5 c5 24. Bb2 b6 25.
Qf4 Rg6 26. d6 Rb8 27. d7 Qa6 28. Qxb8 Qxc4 29. Qxd8+ Kh7 30. Rxf7 Qxf7 31. Qe8 Qxa2 32. d8=Q Qxb2 33. Qg8# 1-0

[Event "*** Titled Tuesday Blitz"]
[Site "Chess.com"]
[Date "2021.02.02"]
[Round "9"]
[White "horripile"]
[Black "AsadliVugar"]
[Result "1-0"]
[WhiteElo "2724"]
[BlackElo "2834"]
[TimeControl "180+1"]
[EndTime "11:45:45 PST"]
[Termination "horripile won by resignation"]

1. e4 g6 2. d4 Bg7 3. Nc3 d6 4. Nf3 a6 5. a4 Nf6 6. Be2 O-O 7. O-O Nc6 8. d5 Nb4 9. a5 c6 10. Ra4 b5 11. axb6 Qxb6 12. dxc6 Nxc6 13. Nd5 Nxd5 14.
exd5 Ne5 15. b3 Bd7 16. Ra2 Rfc8 17. Bb2 Nxf3+ 18. Bxf3 Bxb2 19. Rxb2 a5 20. Re1 a4 21. Rxe7 Bf5 22. Ra2 a3 23. Be4 Re8 24. Rxe8+ Rxe8 25. Bxf5 Qb4 26. Kf1 gxf5 27. g3 Re5 28. Qd3 h5 29. Kg2 h4 30. Qc4 Qd2 31. Rxa3 h3+ 32. Kxh3 Qxf2 33. Qf4 Qxf4 34. gxf4 Rxd5 35. b4 Rb5 36.
Rb3 d5 37. Kg3 Kf8 38. Kf3 Ke7 39. Ke3 Kd6 40. Kd4 Rb8 41. b5 Re8 42. b6 Re4+ 43. Kd3 Re8 44. b7 Rb8 45. Kd4 Kc6 46. h4 1-0

[Event "*** Titled Tuesday Blitz"]
[Site "Chess.com"]
[Date "2021.02.02"]
[Round "9"]
[White "karinachess1"]
[Black "TregubovP"]
[Result "0-1"]
[WhiteElo "2474"]
[BlackElo "2599"]
[TimeControl "180+1"]
[EndTime "11:45:45 PST"]
[Termination "TregubovP won on time"]

1. c4 c5 2. Nf3 Nc6 3. d4 cxd4 4. Nxd4 Nf6 5. Nc3 Qb6 6. Nb3 e6 7. a3 d5 8. e3 Be7 9. Be2 O-O 10. O-O dxc4 11. Bxc4 Bd7 12. Na4 Qc7 13. Nac5 Rfd8 14. Nxd7 Rxd7 15. Bd2 Ne4 16. Qe2 a6 17. Rac1 Rad8 18.
Rfd1 Nxd2 19. Rxd2 Rxd2 20. Nxd2 Ne5 21. Nb3 Rc8 22. f4 Nxc4 23. Nd2 b5 24. b3 Bxa3 25. Rc2 Bb4 26. bxc4 Bxd2 27. Qxd2 bxc4 28. Qc3 h6 29. h3 Qc5 30. Rd2 a5 0-1

[Event "*** Titled Tuesday Blitz"]
[Site "Chess.com"]
[Date "2021.02.02"]
[Round "9"]
[White "anon481216"]
[Black "CSB7"]
[Result "1/2-1/2"]
[WhiteElo "2469"]
[BlackElo "2584"]
[TimeControl "180+1"]
[EndTime "11:45:45 PST"]
[Termination "Game drawn by agreement"]

1. d4 d5 2. c4 e6 3. Nf3 Nf6 4.
g3 Bb4+ 5. Bd2 Bd6 6. Bg2 O-O 7. c5 Be7 8. O-O b6 9. Qc2 a5 10. cxb6 cxb6 11. Rc1 Ba6 12. Bf4 Nbd7 13. a4 b5 14.
axb5 Bxb5 15. Nc3 Ba6 16. Bf1 Qb6 17. Qa4 Qxb2 18. Rab1 Qa3 19. Ne5 Qxa4 20. Nxa4 Nxe5 21. dxe5 Nd7 22. Rc7 Rfd8 23. h4 h6 24. h5 Bb4 25.
e3 Bxf1 26. Kxf1 Rac8 27. Rbc1 Rxc7 28. Rxc7 Kf8 29. Ra7 Ke8 30. g4 Nc5 31. Nxc5 Bxc5 32. Rxa5 Be7 1/2-1/2

[Event "*** Titled Tuesday Blitz"]
[Site "Chess.com"]
[Date "2021.02.02"]
[Round "9"]
[White "BabyBoss31"]
[Black "Grimlock_Glasgow"]
[Result "0-1"]
[WhiteElo "2337"]
[BlackElo "2488"]
[TimeControl "180+1"]
[EndTime "11:45:46 PST"]
[Termination "Grimlock_Glasgow won by resignation"]

1. d4 e6 2. Bf4 c5 3. d5 exd5 4. Qxd5 Nf6 5. Qg5 Qb6 6. Nd2 Qxb2 7. Be5 Qxc2 8. Bxb8 Rxb8 9. Qe5+ Be7 10. Qxb8 O-O 11. Qf4 d5 12. Ngf3 c4 13. Nd4 Qc3 14. Rb1 Ne4 15.
Qe3 Qa5 16. f3 Bg5 17. f4 Bf6 18. Nf3 c3 19. Rd1 cxd2+ 20. Nxd2 Bc3 21. g3 Bd7 22. Bg2 Ba4 23. Bxe4 Bxd1 24. Kxd1 dxe4 25. Kc2 Bxd2 26. Qxd2 Rc8+ 27. Kd1 Rd8 0-1

[Event "*** Titled Tuesday Blitz"]
[Site "Chess.com"]
[Date "2021.02.02"]
[Round "9"]
[White "DFeco"]
[Black "SHIVACalypso"]
[Result "1-0"]
[WhiteElo "2264"]
[BlackElo "2367"]
[TimeControl "180+1"]
[EndTime "11:45:47 PST"]
[Termination "DFeco won by checkmate"]

1. c4 Nf6 2. g3 e6 3. Bg2 d5 4. Nf3 Be7 5. O-O O-O 6. d4 dxc4 7. Ne5 Nc6 8. Nxc6 bxc6 9. Na3 Rb8 10. Nxc4 c5 11. Na5 Bd7 12. dxc5 Bxc5 13. Nb7 Qe7 14. Nxc5 Qxc5 15. Be3 Qa5 16. b3 Bb5 17. Qc2 Nd5 18. Bxd5 exd5 19. Rfd1 Rfd8 20. Bf4 Rbc8 21. Rac1 c5 22.
e3 h6 23. a4 Ba6 24. Qf5 c4 25. bxc4 Bxc4 26. Be5 Rc6 27. Bb2 Qxa4 28. e4 Qb3 29.
exd5 Rxd5 30. Rxd5 Qxb2 31. Rd8# 1-0

[Event "*** Titled Tuesday Blitz"]
[Site "Chess.com"]
[Date "2021.02.02"]
[Round "9"]
[White "Korchmar_Vasiliy"]
[Black "Eloist"]
[Result "1-0"]
[WhiteElo "2595"]
[BlackElo "2379"]
[TimeControl "180+1"]
[EndTime "11:45:48 PST"]
[Termination "Korchmar_Vasiliy won by resignation"]

1. e4 e6 2. d4 d5 3. exd5 exd5 4. Nf3 Bf5 5. c4 Bxb1 6. Rxb1 Bb4+ 7. Bd2 Bxd2+ 8.
Qxd2 Nf6 9. Qe3+ Qe7 10. Qxe7+ Kxe7 11. Bd3 dxc4 12. Bxc4 Rd8 13. O-O Nc6 14. Rfe1+ Kf8 15. Rbd1 Rd6 16. Ng5 Rd7 17. Bb5 Rxd4 18. Bxc6 Rxd1 19.
Rxd1 bxc6 20. g3 Rb8 21. b3 Rb5 22. Nf3 Rd5 23. Rc1 c5 24. Rc4 Ke7 25. Ra4 Kd6 26. Ra6+ Kd7 27. Rxa7 Rd1+ 28. Kg2 Rc1 29. Ne5+ Ke6 30.
Nc4 Nd5 31. Ra5 Nb6 32. Rxc5 Nd5 33. Ra5 Rc2 34. Rxd5 Kxd5 35. Ne3+ 1-0

[Event "*** Titled Tuesday Blitz"]
[Site "Chess.com"]
[Date "2021.02.02"]
[Round "9"]
[White "PawnEatingZombie"]
[Black "Unknown_IM"]
[Result "0-1"]
[WhiteElo "2238"]
[BlackElo "2380"]
[TimeControl "180+1"]
[EndTime "11:45:49 PST"]
[Termination "Unknown_IM won on time"]

1. d4 d5 2. c4 e6 3. Nc3 c6 4. e3 Nf6 5. Nf3 Nbd7 6. Qc2 Bd6 7.
Bd3 O-O 8. O-O e5 9. cxd5 cxd5 10. e4 exd4 11. Nxd5 Nxd5 12. exd5 Ne5 13. Bxh7+ Kh8 14. Nxe5 Bxe5 15. Be4 Qh4 16. g3 Qh5 17. f4 Bf6 18. Bf3 Bg4 19. Qd1 Bxf3 20. Qxf3 Qxf3 21. Rxf3 Rac8 22. Rb3 b6 23. Bd2 Rfd8 24. Rb5 Rc2 25. Rd1 Rc5 26. Rxc5 bxc5 27. b3 Rxd5 28. Kf2 Rd8 29. Re1 Rb8 30. Ke2 c4 31. bxc4 Rb2 32. Kd3 Rxa2 33. Rc1 Ra3+ 34. Ke4 Ra2 35. Be1 Rxh2 36.
c5 Re2+ 37. Kd5 d3 38. c6 d2 39. Bxd2 Rxd2+ 40. Kc5 Bd8 41. Kb5 Bc7 42. Ka6 Rb2 43.
Kxa7 Rb6 44. Rc2 g6 45. Rc1 Kg7 46. Rc2 Kf6 47. Rc1 Kf5 0-1

[Event "*** Titled Tuesday Blitz"]
[Site "Chess.com"]
[Date "2021.02.02"]
[Round "9"]
[White "Annawel"]
[Black "LiamVrolijk"]
[Result "0-1"]
[WhiteElo "2928"]
[BlackElo "2877"]
[TimeControl "180+1"]
[EndTime "11:45:53 PST"]
[Termination "LiamVrolijk won by checkmate"]

1. f4 d5 2. Nf3 Bf5 3. g3 e6 4. Bg2 h6 5. O-O Nf6 6. d3 c5 7. Ne5 Bd6 8. Nd2 O-O 9. Ndf3 Nbd7 10. Nxd7 Qxd7 11. e3 c4 12. Nd4 cxd3 13. Nxf5 exf5 14. cxd3 Rfe8 15. h3 d4 16. exd4 Bb4 17. Kh2 Qxd4 18. Bxb7 Rad8 19. a3 Bc5 20. Ra2 Ne4 21. Qf3 Qxd3 22.
Qxd3 Rxd3 23. b4 Bb6 24. Rg2 Red8 25. Ba6 Rd1 26. Bb2 Nd2 27. Rff2 Bxf2 28. Rxf2 Ne4 29. Rg2 R8d2 30. Be5 Nf2 31. g4 Rh1+ 32. Kg3 Rxh3# 0-1

[Event "*** Titled Tuesday Blitz"]
[Site "Chess.com"]
[Date "2021.02.02"]
[Round "9"]
[White "Blitzstream"]
[Black "Srisshhhtea"]
[Result "1-0"]
[WhiteElo "2765"]
[BlackElo "2480"]
[TimeControl "180+1"]
[EndTime "11:45:53 PST"]
[Termination "Blitzstream won on time"]

1. d4 d5 2. Bf4 e6 3. e3 Bd6 4. Bg3 Nf6 5. Nf3 Ne4 6. Bd3 O-O 7. Nbd2 f5 8. Ne5 Nd7 9. f4 Ndf6 10. Nxe4 Nxe4 11.
Qh5 Bxe5 12. fxe5 Bd7 13. O-O Be8 14. Qe2 Nxg3 15. hxg3 Qg5 16. Qf2 Bh5 17. Qf4 Qe7 18.
Qh4 Qe8 19. Kf2 Bg4 20. Kg1 Rd8 21. c3 Rd7 22. Rf4 g6 23. Raf1 Rff7 24. Qh6 Qf8 25. Qxf8+ Kxf8 26. R4f2 Kg7 27. Rc1 c6 28. b4 Rc7 29. c4 Rfe7 30. Rfc2 a6 31. a4 Kf7 32. cxd5 exd5 33. b5 axb5 34. axb5 Re6 35. Rc5 Ke7 36. Rxd5 Rd7 37. Rdc5 Rc7 38. Bc4 1-0

[Event "*** Titled Tuesday Blitz"]
[Site "Chess.com"]
[Date "2021.02.02"]
[Round "9"]
[White "esrosenberg"]
[Black "GumisGLHF"]
[Result "0-1"]
[WhiteElo "2185"]
[BlackElo "2358"]
[TimeControl "180+1"]
[EndTime "11:45:53 PST"]
[Termination "GumisGLHF won by resignation"]

1. Nf3 g6 2. e4 Bg7 3. Bc4 c6 4. Bb3 d5 5. exd5 cxd5 6. h3 Nc6 7. d4 Nf6 8. O-O O-O 9. c3 a5 10. a4 Bf5 11. Re1 Ne4 12. Nbd2 Nxd2 13. Bxd2 Bd3 14. Ne5 Nxe5 15. dxe5 e6 16. Be3 Bc4 17. Bc5 Re8 18. Bxc4 dxc4 19. Bd6 Qb6 20. Re2 Bf8 21. Bxf8 Rxf8 22.
Qd2 Rfd8 23. Qh6 Rd5 24. Rae1 Rad8 25. Re4 Rd1 26. Rxd1 Rxd1+ 27. Kh2 Qxf2 28. Rxc4 Qg1+ 29. Kg3 Rd3+ 30. Kh4 Qf2+ 31. Kg5 Rg3+ 32. Rg4 Qe3+ 0-1

[Event "*** Titled Tuesday Blitz"]
[Site "Chess.com"]
[Date "2021.02.02"]
[Round "9"]
[White "HrvojeZagreb"]
[Black "zurzan"]
[Result "1-0"]
[WhiteElo "2228"]
[BlackElo "2034"]
[TimeControl "180+1"]
[EndTime "11:45:53 PST"]
[Termination "HrvojeZagreb won by checkmate"]

1. d4 d6 2. e4 Nf6 3. Nc3 Nbd7 4. Nf3 e5 5. dxe5 dxe5 6. Bc4 Be7 7. O-O c6 8. a4 Qc7 9. b3 O-O 10. Ba3 Bxa3 11.
Rxa3 b6 12. Qe2 a6 13. Raa1 Bb7 14. b4 b5 15. Bb3 h6 16. Rfd1 Rad8 17. Rd2 c5 18.
axb5 cxb4 19. Nd5 Bxd5 20. exd5 e4 21. Nd4 Nc5 22. bxa6 Nxb3 23. Nxb3 Ra8 24. d6 Qc3 25. h3 Nd7 26. Qxe4 Nc5 27. Nxc5 Qxa1+ 28. Kh2 Qc3 29. Qd4 Rfd8 30. d7 Ra7 31. Nb7 Qxd4 32. Rxd4 Rxa6 33. Nxd8 Kf8 34. Nc6 Ra8 35. d8=Q+ Rxd8 36. Rxd8# 1-0

[Event "*** Titled Tuesday Blitz"]
[Site "Chess.com"]
[Date "2021.02.02"]
[Round "9"]
[White "kingofthenil"]
[Black "HristosBanikas"]
[Result "0-1"]
[WhiteElo "2669"]
[BlackElo "2831"]
[TimeControl "180+1"]
[EndTime "11:45:54 PST"]
[Termination "HristosBanikas won by resignation"]

1. e4 c5 2. d3 g6 3. g3 Bg7 4. Bg2 Nc6 5. f4 d6 6. Nf3 e5 7.
O-O Nge7 8. Nc3 O-O 9. f5 gxf5 10.
Nh4 fxe4 11. dxe4 Nd4 12. Nd5 Nxd5 13. exd5 f5 14. c3 Nb5 15. Qh5 Qe8 16. Qxe8 Rxe8 17. Nxf5 Bxf5 18. Rxf5 Rf8 19. Rxf8+ Rxf8 20. Bg5 h6 21. Be3 Nc7 22. Be4 Ne8 23. b4 b6 24.
a4 Kf7 25. a5 Nf6 26. Bg2 Re8 27. axb6 axb6 28. Ra6 e4 29. c4 Ng4 30. Bf4 Bd4+ 31. Kf1 cxb4 32. Bh3 h5 33. Ke2 b3 34. Ra3 b2 35. Rb3 Ra8 36. Bg2 Ra2 37. Bd2 e3 38.
h3 exd2 39. hxg4 d1=Q+ 40. Kxd1 Ra1+ 41. Kc2 Rc1+ 0-1

[Event "*** Titled Tuesday Blitz"]
[Site "Chess.com"]
[Date "2021.02.02"]
[Round "9"]
[White "Ajedrez_con_German"]
[Black "JoliyRoger"]
[Result "1-0"]
[WhiteElo "2607"]
[BlackElo "2407"]
[TimeControl "180+1"]
[EndTime "11:45:55 PST"]
[Termination "Ajedrez_con_German won on time"]

1. d4 Nf6 2. Nf3 e6 3. c4 Bb4+ 4. Bd2 Qe7 5. g3 b6 6. Bg2 Bb7 7. O-O Bxd2 8. Qxd2 O-O 9. Nc3 d5 10. cxd5 exd5 11. Ne5 Nbd7 12. Nxd7 Qxd7 13. Rac1 Rfe8 14.
e3 Rad8 15. Rc2 h5 16. Qd3 c6 17. Ne2 g5 18. Qa3 a5 19. Nc1 Ne4 20. Nd3 f6 21. Qb3 Kg7 22. Qxb6 Rb8 23. Bxe4 Ba8 24.
Nc5 Qd6 25. Qxa5 dxe4 26. Nb3 h4 27. Qc5 Qe6 28. d5 cxd5 29. Nd4 Qg4 30. Qc7+ Kg6 31. Rfc1 h3 32. Qc3 Bb7 33. Qe1 Ba6 34. Qd1 1-0

[Event "*** Titled Tuesday Blitz"]
[Site "Chess.com"]
[Date "2021.02.02"]
[Round "9"]
[White "Gerodot71"]
[Black "Susik_Gaboyan"]
[Result "1-0"]
[WhiteElo "2466"]
[BlackElo "2308"]
[TimeControl "180+1"]
[EndTime "11:45:55 PST"]
[Termination "Gerodot71 won on time"]

1. d4 Nf6 2. c4 c5 3. d5 b5 4. cxb5 a6 5. e3 d6 6. Nc3 g6 7.
Nf3 Bg7 8. bxa6 Bxa6 9. Bxa6 Nxa6 10. O-O O-O 11. e4 Qa5 12. Nd2 Rfb8 13. Nc4 Qb4 14. Qe2 Nc7 15. Bd2 Qb7 16. b3 Nd7 17. Rab1 Qa6 18. Qe3 Nb5 19. Nxb5 Qxb5 20. a4 Qa6 21. Bc3 Bxc3 22. Qxc3 Nb6 23. Ne3 Nd7 24. Ng4 f6 25. Qh3 Rb4 26. Nh6+ Kg7 27. Qxd7 Kxh6 28. Qxe7 Ra7 29.
Qxf6 Rxe4 30. Rbe1 Rae7 31. Qf8+ Kg5 32. Rxe4 Rxe4 33.
f4+ Kh5 34. f5 1-0

[Event "*** Titled Tuesday Blitz"]
[Site "Chess.com"]
[Date "2021.02.02"]
[Round "9"]
[White "KuzubovYuriy"]
[Black "Iball95"]
[Result "1-0"]
[WhiteElo "2842"]
[BlackElo "2637"]
[TimeControl "180+1"]
[EndTime "11:45:57 PST"]
[Termination "KuzubovYuriy won on time"]

1. d4 e6 2. e4 d5 3. Nc3 Nc6 4. Nf3 Nf6 5. e5 Ne4 6. Bd3 Bb4 7. O-O Nxc3 8. bxc3 Bxc3 9. Rb1 Bb4 10. Ng5 Be7 11.
Qh5 g6 12. Qh6 Bf8 13. Qh3 Nxd4 14. Qg4 Nf5 15. Qf3 Be7 16. Nxf7 Kxf7 17. g4 Rg8 18. Kh1 Bd7 19. gxf5 gxf5 20. Rg1 Rxg1+ 21. Kxg1 Qg8+ 22. Kf1 Bc6 23. Be2 Qg6 24. Qh3 Kg8 25. Rb3 f4 26.
Bxf4 Qxc2 27. Qxe6+ Kh8 28. Qxe7 1-0

[Event "*** Titled Tuesday Blitz"]
[Site "Chess.com"]
[Date "2021.02.02"]
[Round "9"]
[White "MaevskiyNikolay"]
[Black "DenLaz"]
[Result "0-1"]
[WhiteElo "2578"]
[BlackElo "2812"]
[TimeControl "180+1"]
[EndTime "11:45:59 PST"]
[Termination "DenLaz won by checkmate"]

1. d4 d5 2. c4 e6 3. Nf3 Nf6 4. g3 Bb4+ 5. Bd2 Be7 6. Bg2 O-O 7. O-O c6 8. Qc2 Nbd7 9. Rd1 b6 10.
Bf4 Ba6 11. Ne5 Rc8 12. Nc3 Bxc4 13. Nxc4 dxc4 14. Qa4 b5 15. Qxa7 Qb6 16. Qxb6 Nxb6 17. a3 Nfd5 18. Bd2 Rfd8 19. e4 Nxc3 20. Bxc3 Na4 21.
d5 cxd5 22. exd5 Bf6 23. Bxf6 gxf6 24. dxe6 fxe6 25. Rxd8+ Rxd8 26. Bc6 Rb8 27. Rb1 Nc5 28. Rd1 Kf7 29. Kf1 Rb6 30. Bf3 Ke7 31. Ke2 Na4 32.
Rd2 b4 33. axb4 Rxb4 34. Be4 f5 35. Bc6 Nxb2 36. Rd7+ Kf6 37. Kd2 Nd3 38. Rxh7 Rb2+ 39. Kc3 Rxf2 40. Kxc4 Ne5+ 41. Kb5 Rb2+ 42. Ka4 Nxc6 43. h4 Rg2 44. Kb5 Ne5 45. Rh6+ Ke7 46. Kc5 Rxg3 47. h5 Rh3 48. Rh7+ Nf7 49. Kd4 Kf6 50. Kc5 f4 51. Kd4 f3 52. Ke3 e5 53.
Kf2 e4 54. Ke3 Rh2 55. h6 Rxh6 56. Rxh6+ Nxh6 57. Kf2 Kf5 58. Ke3 Ng4+ 59. Kd2 Kf4 60. Ke1 Ke3 61. Kf1 f2 62. Kg2 Ke2 63. Kg3 f1=Q 64. Kh4 Kd2 65. Kg3 e3 66. Kh4 Ne5 67. Kg3 Qf3+ 68. Kh2 Ng4+ 69. Kg1 Qf2+ 70. Kh1 Qh2# 0-1

[Event "*** Titled Tuesday Blitz"]
[Site "Chess.com"]
[Date "2021.02.02"]
[Round "9"]
[White "LawrenceTrent"]
[Black "eCztery"]
[Result "1-0"]
[WhiteElo "2584"]
[BlackElo "2444"]
[TimeControl "180+1"]
[EndTime "11:46:00 PST"]
[Termination "LawrenceTrent won by resignation"]

1. Nf3 g6 2. e3 Bg7 3. d4 f5 4.
h4 Nf6 5. Bd3 b6 6. h5 Bb7 7. h6 Bf8 8. b3 Ng4 9. Bb2 Bxh6 10. Ne5 Nxe5 11. dxe5 Bg7 12. Bxf5 gxf5 13. Qh5+ Kf8 14. Qxf5+ Kg8 15. e6 Qf8 16. Qg4 h5 17.
Qg5 dxe6 18. Rh3 Nd7 19. Rg3 Nf6 20. Nd2 h4 21. Rh3 Rh5 22. Qf4 Bxg2 23. Rxh4 Rxh4 24. Qxh4 Qf7 25. O-O-O Rd8 26. Rg1 Bb7 27. Nc4 Rd5 28.
Ne5 Rxe5 29. Bxe5 Kf8 30. Qa4 a5 31. Qc4 Ne8 32. Bxg7+ Nxg7 33. Qxc7 Bd5 34. f4 Qf5 35. Qxb6 Qe4 36. Rg3 Qh1+ 37. Kb2 Qe4 38. Qxa5 Kf7 39.
Qc3 Qh7 40. Rxg7+ Qxg7 41. Qxg7+ Kxg7 42. Kc3 Kf6 43. Kd4 Kf5 44. c4 Bf3 45. b4 e5+ 46. fxe5 Ke6 47. e4 Kd7 48. b5 Bd1 49. Kd5 e6+ 50.
Kc5 Bc2 51. Kb6 Bxe4 52. a4 Bc2 53. a5 Kc8 54. c5 Bd3 55. Kc6 Be4+ 56. Kd6 Bd3 57. b6 Be4 58. Kxe6 Kb7 59. Kd6 Bc2 60. c6+ Ka6 61. b7 Ka7 62. Kc7 Ka6 63. b8=Q Bb3 1-0